 Dungeon Crawl Stone Soup version 0.31-a0-40-g1d5085d191 (webtiles) character file.

Game seed: 6049249554638903999

17 pk666 the Firebug (level 2, -2/15 HPs)
             Began as a Deep Elf Fire Elementalist on May 18, 2023.
             Slain by Robin
             ... wielding a +1 dagger of venom
              (5 damage)
             ... on level 1 of the Dungeon.
             The game lasted 00:01:04 (695 turns).

pk666 the Firebug (Deep Elf Fire Elementalist)       Turns: 695, Time: 00:01:04

Health: -2/15      AC:  2    Str:  5    XL:     2   Next: 44%
Magic:  8/8        EV: 13    Int: 19    God:
Gold:   25         SH:  0    Dex: 15    Spells: 4/7 levels left

rFire   . . .        (no weapon)
rCold   + . .        (no shield)
rNeg    . . .        a - +0 robe
rPois   .            (no helmet)
rElec   .            (no cloak)
rCorr   .            (no gloves)
SInv    .            (no boots)
Will    .....        (no amulet)
Stlth   ++           g - ring of protection from cold
HPRegen 0.22/turn    (no ring)
MPRegen 0.11/turn

%: no passive effects
@: lethally poisoned (-2 -> -8)
A: no striking features
a: no special abilities


You were on level 1 of the Dungeon.
You visited 1 branch of the dungeon, and saw 2 of its levels.

You collected 25 gold pieces.

Inventory:

Armour
 a - a +0 robe (worn)
Jewellery
 g - a ring of protection from cold (left hand)
Scrolls
 c - a scroll of fear {unknown}
 e - a scroll of immolation {unknown}
 j - a scroll of magic mapping {unknown}
Potions
 d - 2 potions of flight {unknown}
 f - 2 potions of lignification {unknown}
 h - 2 potions of haste {unknown}
 i - a potion of curing {unknown}


   Skills:
 + Level 2.8 Dodging
 - Level 2.4 Stealth
 + Level 3.3 Spellcasting
 + Level 1.6 Conjurations
 + Level 3.5 Fire Magic


You had 4 spell levels left.
You knew the following spells:

 Your Spells              Type           Power      Damage    Failure   Level
a - Foxfire               Conj/Fire      52%        2x1d6     4%          1
b - Scorch                Fire           32%        2d6       4%          2

Your spell library contained the following spells:

 Spells                   Type           Power      Damage    Failure   Level
 Inner Flame              Hex/Fire       9%         N/A       22%         3
 Volatile Blastmotes      Fire/Tloc      18%        2d11      22%         3
 Flame Wave               Conj/Fire      13%        2d6       45%         4


Dungeon Overview and Level Annotations

Branches:
Dungeon (2/15)

Altars:

Annotations:
D:1 Robin


Message History

Flames lash the goblin.
You kill the goblin!
Flames lash the goblin.
You kill the goblin!
You hear a shout!
A goblin comes into view. It is wielding a +0 dagger.
You hear a shout!
You can't see any susceptible monsters within range! (Use Z to cast anyway.) Unknown command.
Casting: Scorch (safe; 5% risk of failure)
Confirm with . or Enter, or press ? or * to list all spells.
You conjure some foxfire!
The goblin shouts!
Robin of the Strong Arm comes into view.
They are wielding a +1 dagger of venom.
The foxfire hits the goblin.
You kill the goblin!
Robin roars a battlecry!
Your foxfire dissipates!
A goblin comes into view. It is wielding a +0 club.
Flames lash Robin.
Robin is severely wounded.
Robin's fire resistance burns away.
The goblin shouts!
You don't have enough magic to cast this spell.
Casting: Scorch (safe; 4% risk of failure)
Confirm with . or Enter, or press ? or * to list all spells.
You conjure some foxfire!
A goblin comes into view. It is wielding a +0 dagger.
Robin hits you with a +1 dagger of venom.
A goblin comes into view. It is wielding a +0 dagger.
Robin hits you with a +1 dagger of venom.
You are lethally poisoned!
You climb upwards.
Your summoned allies are left behind.
You feel very sick.
There is a stone staircase leading down here.
Magic courses through your body.
* * * LOW HITPOINT WARNING * * *
You feel sick.
Robin hits you with a +1 dagger of venom.
You die...

####### ##########.....#
...........#.###
#####........# #####
###....'###### #...#
#......#....≈# #.#.#
#.####.#†...≈# #.#.# #.#
#.#....≈#####.#.# ##.#
##.#≈≈≈≈≈#@g...#.#
##..###..######+.#.....#
#..###..###.###....#####
..#.....#.......####
.#..............#
................#
#...............#
#...............#
#[...........)..#


You could see Robin (combustible).

Vanquished Creatures
  2 dart slugs (D:1)
  An endoplasm (D:1)
  A hobgoblin (D:1)
  A quokka (D:1)
  2 ball pythons (D:1)
  A bat (D:1)
  3 goblins (D:2)
  3 rats (D:1)
14 creatures vanquished.

Vanquished Creatures (others)
  41 foxfires
41 creatures vanquished.

Grand Total: 55 creatures vanquished

Notes
Turn   | Place    | Note
-------+----------+-------------------------------------------
     0 | D:1      | pk666 the Deep Elf Fire Elementalist began the quest for
                  | the Orb.
     0 | D:1      | Reached XP level 1. HP: 10/10 MP: 6/6
    67 | D:1      | Found a faded altar of an unknown god.
   422 | D:1      | Reached XP level 2. HP: 5/15 MP: 1/8
   427 | D:1      | Learned a level 2 spell: Scorch
   686 | D:2      | Noticed Robin
   695 | D:1      | Slain by Robin

Illustrated notes

Levels and vault maps discovered:
D:1:      minmay_arrival_checkered_box, layout_rooms,
          hellmonk_ecumenical_altar_heavens_door, chequers_serial_rivers_room_a
D:2:      layout_loops_cross, serial_shops, shop, uniq_jessica, uniq_robin

Action                     || total
---------------------------++-------
   Cast: Foxfire           ||    25
         Scorch            ||     4
    Use: Potion            ||     1
  Dodge: Dodged            ||     2

Table legend: (Time is in decaauts)
 A = Elapsed time spent in this place.
 B = Non-inter-level travel time spent in this place.
 C = Inter-level travel time spent in this place.
 D = Time resting spent in this place.
 E = Time spent auto-exploring this place.
 F = Levels seen in this place.
 G = Mean time per level.
                   A        B        C        D        E       F      G
               +--------+--------+--------+--------+--------+-----+--------+
         Total |    694 |    656 |     38 |      0 |    552 |   2 |  347.0 |
       Dungeon |    694 |    656 |     38 |      0 |    552 |   2 |  347.0 |
               +--------+--------+--------+--------+--------+-----+--------+

Top non-repeatable levels by time:
     D:1: 684 daAuts
     D:2: 10 daAuts
